 Dungeon Crawl Stone Soup version 0.31.0-11-ge490571c62 (webtiles) character file.

Game seed: 13034097124491641398

60 Ashen the Grasshopper (level 4, 0/40 HPs)
             Began as a Naga Warper on Jan 26, 2024.
             Slain by a cerulean imp
             ... wielding a +2 spear
             ... summoned by Natasha
              (3 damage)
             ... on level 3 of the Dungeon.
             The game lasted 00:03:36 (2096 turns).

Ashen the Grasshopper (Naga Warper)                 Turns: 2096, Time: 00:03:36

Health: 0/40       AC:  3    Str: 13    XL:     4   Next: 4%
Magic:  7/7        EV:  9    Int: 16    God:
Gold:   41         SH:  0    Dex: 10    Spells: 3/7 levels left

rFire   . . .        a - +0 spear
rCold   . . .        (no shield)
rNeg    + . .        b - +0 leather armour
rPois   +            (no helmet)
rElec   .            (no cloak)
rCorr   .            (no gloves)
SInv    +            (no barding)
Will    .....        (no amulet)
Stlth   +            l - ring of positive energy
HPRegen 0.26/turn    (no ring)
MPRegen 0.10/turn

%: no passive effects
@: slowed, very slow
A: AC +1, large, see invisible, deformed body, poison resistance, slowness 2,
spit poison 1, naga tail 1
a: Spit Poison


You were on level 3 of the Dungeon.
You visited 1 branch of the dungeon, and saw 3 of its levels.

You collected 80 gold pieces.
You spent 39 gold pieces at shops.

Inventory:

Hand Weapons
 a - a +0 spear (weapon)
Missiles
 d - 7 darts of dispersal (quivered)
 g - 5 poisoned darts
Armour
 b - a +0 leather armour (worn)
Jewellery
 l - a ring of positive energy (left hand)
Scrolls
 c - a scroll of blinking
 e - 3 scrolls of identify {unknown}
 h - 2 scrolls of fear {unknown}
 m - a scroll of enchant weapon {unknown}
 o - a scroll of immolation {unknown}
Potions
 f - a potion of brilliance {unknown}
 i - 5 potions of heal wounds {unknown}
 j - 2 potions of curing
 k - a potion of resistance {unknown}
 n - 2 potions of mutation {unknown}


   Skills:
 + Level 2.5 Fighting
 + Level 2.4 Polearms
 - Level 1.0 Throwing
 + Level 1.3 Armour
 + Level 2.0 Dodging
 + Level 2.3 Spellcasting
 + Level 3.2 Translocations


You had 3 spell levels left.
You knew the following spells:

 Your Spells              Type           Power      Damage    Failure   Level
a - Blink                 Tloc           24%        N/A       10%         2
b - Lesser Beckoning      Tloc           24%        N/A       10%         2

Your spell library contained the following spells:

 Spells                   Type           Power      Damage    Failure   Level
 Teleport Other           Tloc           12%        N/A       21%         3
 Sandblast                Erth           2%         2d4       26%         1
 Inner Flame              Hex/Fire       1%         N/A       58%         3
 Passwall                 Erth           1%         N/A       58%         3
 Stone Arrow              Conj/Erth      2%         3d7       58%         3
 Manifold Assault         Tloc           12%        N/A       54%         4
 Vhi's Electric Charge    Tloc/Air       14%        N/A       78%         4
 Brom's Barrelling Bould  Conj/Erth      1%         2d3       94%         4
 Flame Wave               Conj/Fire      1%         2d4       94%         4
 Sticky Flame             Fire/Alch      1%         2d4       94%         4


Dungeon Overview and Level Annotations

Branches:
Dungeon (3/15)

Altars:

Shops:
D:1 !

Annotations:
D:3 Natasha


Innate Abilities, Weirdness & Mutations

Your serpentine skin is tough. (AC +1)
You have supernaturally acute eyesight. (SInv)
Armour fits poorly on your strangely shaped body.
Your system is resistant to poisons. (rPois)
You cover ground very slowly.
You can spit poison.
You have a snake-like lower body.


Message History

Natasha is lightly wounded.
The goblin hits you with a +0 club. Natasha claws you but does no damage.
You closely miss Natasha.
Natasha is lightly wounded.
The ball python hisses angrily.
The goblin hits you with a +0 club.
A kobold comes into view. It is wielding a +0 dagger.
Natasha claws you. The goblin closely misses you. Natasha closely misses you.
The kobold shouts!
You hit Natasha.
Natasha is moderately wounded.
The goblin hits you with a +0 club.
Natasha casts a spell.
You hit Natasha.
Natasha is heavily wounded.
The goblin hits you with a +0 club. Natasha claws you.
The cerulean imp hits you from afar with a +2 spear.
The goblin closely misses you.
Natasha stares at you and mumbles some strange words.
The magic dart hits you.
You closely miss Natasha.
Natasha is heavily wounded.
The cerulean imp hits you from afar with a +2 spear.
The goblin hits you with a +0 club.
* * * LOW HITPOINT WARNING * * *
Natasha barely misses you.
You hit Natasha but do no damage.
Natasha is heavily wounded.
The cerulean imp hits you from afar with a +2 spear.
* * * LOW HITPOINT WARNING * * *
The goblin completely misses you. Natasha casts a spell at you.
The magic dart hits you.
* * * LOW HITPOINT WARNING * * *
The cerulean imp barely misses you.
You barely miss Natasha.
Natasha is heavily wounded.
The goblin hits you but does no damage. Natasha claws you but does no damage.
The cerulean imp hits you from afar with a +2 spear.
You die...

..####.# ...... #.#....#
....# #.#....# ....
#.#....# ...# #.#....#
##. #..# #.#....#
....######..# #.#....#
#...........#####.#....#
.>....h@................
.....5g###..#####.#....#
.....KS #..............
....... ##.#####.#####.
....... #.# #######.
....... #.# .....
....... #.# .....
....... #.# ..... ...
.....


You could see Natasha, a cerulean imp (summoned), a goblin, a ball python and a
kobold.

Vanquished Creatures
  An adder (D:2)
  2 dart slugs
  A ribbon worm (D:3)
  A ball python (D:2)
  8 bats
  7 endoplasms
  A giant cockroach (D:1)
  2 hobgoblins
  4 jackals
  A quokka (D:1)
  A frilled lizard (D:3)
  3 goblins
  6 kobolds
  4 rats
42 creatures vanquished.

Notes
Turn   | Place    | Note
-------+----------+-------------------------------------------
     0 | D:1      | Ashen the Naga Warper began the quest for the Orb.
     0 | D:1      | Reached XP level 1. HP: 19/19 MP: 3/3
    58 | D:1      | Reached skill level 1 in Throwing
   185 | D:1      | Reached XP level 2. HP: 26/26 MP: 5/5
   454 | D:1      | Reached skill level 1 in Armour
   789 | D:1      | Found Neuclu's Distillery.
   794 | D:1      | Bought a potion of curing for 39 gold pieces
   858 | D:2      | Reached XP level 3. HP: 32/32 MP: 6/6
  1469 | D:2      | Learned a level 2 spell: Blink
  1472 | D:2      | Learned a level 2 spell: Lesser Beckoning
  1952 | D:3      | Identified the +7 falchion of the Whale {distort, Int+4}
  2012 | D:3      | Reached XP level 4. HP: 40/40 MP: 7/7
  2084 | D:3      | Noticed Natasha
  2095 | D:3      | HP: 2/40 [Natasha/magic dart (6)]
  2096 | D:3      | Slain by a cerulean imp

Illustrated notes

Levels and vault maps discovered:
D:1:      nicolae_arrival_memento_mori, layout_rooms, serial_shops, shop
D:2:      layout_rooms
D:3:      layout_basic, cheibrodos_gnoll_hut, uniq_natasha

Skill      XL: |  1  2  3 |
---------------+----------+-----
Throwing       | 1 |  1.0
Armour         | 1 |  1.3
Dodging        | 2 |  2.0
Fighting       | |  2.5
Polearms       | |  2.4
Spellcasting   | |  2.3
Translocations | |  3.2

Action                     |  1- 3 |  4- 6 || total
---------------------------+-------+-------++-------
  Melee: Spear             |   183 |    19 ||   202
         Punch             |     3 |       ||     3
   Cast: Blink             |     2 |       ||     2
 Armour: Leather armour    |   123 |    24 ||   147
  Dodge: Dodged            |    81 |    13 ||    94
